 Dungeon Crawl Stone Soup version 0.23.0 (webtiles) character file.

Game seed: 6630286220574783235

179253 DrEnzyme the Executioner (level 17, -19/171 HPs)
             Began as a Minotaur Wanderer on Feb 10, 2019.
             Was the Champion of Makhleb.
             Demolished by an emperor scorpion (21 damage)
             ... on level 4 of the Spider Nest.
             The game lasted 01:13:22 (29972 turns).

DrEnzyme the Executioner (Minotaur Wanderer)       Turns: 29972, Time: 01:13:23

Health: -19/171    AC: 36    Str: 27    XL:     17   Next: 60%
Magic:  1/17       EV: 10    Int:  9    God:    Makhleb [******]
Gold:   771        SH:  4    Dex: 10    Spells: 17/18 levels left

rFire    . . .     SeeInvis +   a - +9 war axe (freeze)
rCold    + . .     Gourm    .   A - +0 buckler
rNeg     . . .     Faith    .   n - +3 crystal plate armour
rPois    +         Spirit   .   K - +1 hat
rElec    .         Reflect  .   V - +2 cloak of the Thief {+Fog Slay-2 SInv Stlth+}
rCorr    .         Harm     .   p - +0 pair of gloves
MR       +....     Clarity  +   (no boots)
Stlth    ..........             r - amulet of regeneration
HPRegen  0.78/turn              k - ring of poison resistance
MPRegen  0.15/turn              W - ring "Syemanas" {rC+ Str+5 Stlth+}

@: no status effects
A: retaliatory headbutt, horns 2, yellow scales 1, clarity, dopey 1
a: Minor Destruction, Lesser Servant of Makhleb, Major Destruction, Greater
Servant of Makhleb, Renounce Religion, Evoke Fog


You were on level 4 of the Spider Nest.
You worshipped Makhleb.
Makhleb was exalted by your worship.
You were not hungry.

You visited 5 branches of the dungeon, and saw 28 of its levels.
You also visited: Bailey and Ice Cave.

You collected 4119 gold pieces.
You spent 3348 gold pieces at shops.

Inventory:

Hand Weapons
 a - a +9 war axe of freezing (weapon)
 b - a +0 falchion of flaming
Missiles
 d - 5 throwing nets (quivered)
Armour
 n - a +3 crystal plate armour (worn)
 p - a +0 pair of gloves (worn)
 A - a +0 buckler (worn)
 K - a +1 hat (worn)
 V - the +2 cloak of the Thief (worn) {+Fog Slay-2 SInv Stlth+}
   (You found it on level 6 of the Lair of Beasts)

   It affects your accuracy and damage with ranged weapons and melee attacks
   (-2).
   It lets you see invisible.
   It makes you more stealthy.
Jewellery
 k - a ring of poison resistance (left hand)
 r - an amulet of regeneration (around neck)
 G - the ring of Panentheism {rC+ rN+ Stlth+}
   (You bought it in a shop on level 8 of the Dungeon)

   [ring of positive energy]

   It protects you from cold.
   It protects you from negative energy.
   It makes you more stealthy.
 W - the ring "Syemanas" (right hand) {rC+ Str+5 Stlth+}
   (You bought it in a shop on level 10 of the Dungeon)

   [ring of stealth]

   It affects your strength (+5).
   It protects you from cold.
   It makes you more stealthy.
Wands
 j - a wand of clouds (7)
 l - a wand of flame (30)
 x - a wand of polymorph (30)
 y - a wand of paralysis (9)
 z - a wand of digging (10)
 I - a wand of disintegration (22)
 N - a wand of acid (2)
 P - a wand of enslavement (24)
 T - a wand of iceblast (17)
Scrolls
 c - 3 scrolls of enchant armour
 g - 2 scrolls of fog
 h - 17 scrolls of remove curse
 i - 9 scrolls of identify
 o - 6 scrolls of magic mapping
 q - 4 scrolls of amnesia
 s - 2 scrolls of enchant weapon
 t - 3 scrolls of immolation
 L - 3 scrolls of fear
 S - 5 scrolls of teleportation
Potions
 e - 3 potions of resistance
 m - 2 potions of cancellation
 u - 2 potions of heal wounds {unknown}
 v - 3 potions of agility
 w - a potion of might
 B - a potion of magic {unknown}
 C - 2 potions of brilliance
 E - 2 potions of mutation
 F - a potion of ambrosia
 H - 2 potions of flight
 X - 4 potions of curing
Miscellaneous
 D - a phial of floods
Comestibles
 f - 39 rations
 J - 2 chunks of flesh


   Skills:
 + Level 20.5 Fighting
 + Level 21.4 Axes
 + Level 17.8 Armour
 + Level 10.0 Dodging
 - Level 4.0 Shields
 - Level 1.0 Spellcasting
 - Level 1.3 Fire Magic


You had 17 spell levels left.
You knew the following spells:

 Your Spells              Type           Power        Failure   Level  Hunger
a - Flame Tongue          Conj/Fire      #....        99%         1    ##.....

Your spell library contained the following spells:

 Spells                   Type           Power        Failure   Level  Hunger
 Corona                   Hex            #......      99%         1    ##.....
 Magic Dart               Conj           #...         99%         1    ##.....
 Sting                    Conj/Pois      #...         99%         1    ##.....
 Summon Butterflies       Summ           #.......     99%         1    ##.....
 Summon Small Mammal      Summ           #...         99%         1    ##.....
 Blink                    Tloc           N/A          100%        2    ###....
 Call Imp                 Summ           #.......     100%        2    ###....
 Ensorcelled Hibernation  Hex/Ice        #.....       100%        2    ###....
 Passwall                 Tmut/Erth      #.......     100%        2    ###....
 Poisonous Vapours        Pois/Air       #.....       100%        2    ###....
 Searing Ray              Conj           #.....       100%        2    ###....
 Shroud of Golubria       Chrm/Tloc      #.........   100%        2    ###....
 Slow                     Hex            #.......     100%        2    ###....
 Swiftness                Chrm/Air       #.......     100%        2    ###....
 Call Canine Familiar     Summ           #.......     100%        3    ####...
 Confuse                  Hex            #.......     100%        3    ####...
 Conjure Flame            Conj/Fire      #.......     100%        3    ####...
 Dazzling Spray           Conj/Hex       #.....       100%        3    ####...
 Gell's Gravitas          Tloc           #.........   100%        3    ####...
 Inner Flame              Hex/Fire       #.......     100%        3    ####...
 Lesser Beckoning         Tloc           #.........   100%        3    ####...
 Mephitic Cloud           Conj/Pois/Air  #.......     100%        3    ####...
 Portal Projectile        Hex/Tloc       #.....       100%        3    ####...
 Summon Guardian Golem    Hex/Summ       #.......     100%        3    ####...
 Teleport Other           Tloc           #.......     100%        3    ####...
 Tukima's Dance           Hex            #.......     100%        3    ####...
 Cause Fear               Hex            #.........   100%        4    #####..
 Force Lance              Conj/Tloc      #.......     100%        4    #####..
 Fulminant Prism          Conj/Hex       #.........   100%        4    #####..
 Iskenderun's Mystic Bla  Conj           #.......     100%        4    #####..
 Leda's Liquefaction      Hex/Erth       #.........   100%        4    #####..
 Olgreb's Toxic Radiance  Pois           #.......     100%        4    #####..
 Passage of Golubria      Tloc           N/A          100%        4    #####..
 Summon Ice Beast         Ice/Summ       #.......     100%        4    #####..
 Summon Lightning Spire   Summ/Air       #.......     100%        4    #####..
 Lee's Rapid Deconstruct  Erth           #.........   100%        5    ######.
 Summon Mana Viper        Hex/Summ       #.......     100%        5    ######.
 Venom Bolt               Conj/Pois      #.........   100%        5    ######.
 Darkness                 Hex            #.........   100%        6    #######
 Invisibility             Hex            #.......     100%        6    #######
 Summon Hydra             Summ           #.........   100%        7    #######


Dungeon Overview and Level Annotations

Branches:
Dungeon (15/15)            Temple (1/1) D:5            Lair (6/6) D:11
 Shoals (0/4) Lair:4       Spider (4/4) Lair:3        Slime (0/5) Lair:6
    Orc (2/2) D:10            Elf (0/3) Orc:2        Vaults (0/5) D:13
 Depths (0/5) D:15

Altars:
Ashenzari
Dithmenos
Elyvilon
Fedhas
Gozag
Hepliaklqana
Makhleb
Nemelex Xobeh
Okawaru
Qazlal
Sif Muna
Trog
Uskayaw
Wu Jian
Xom
Zin
Jiyva

Shops:
D:5 !   D:8 **=   D:10 [(=   D:15 [   Orc:2 ![[[

Annotations:
D:4 exclusion: 2 downstairs
D:8 exclusion: downstairs
D:15 1 runed translucent door, Vuirau's ghost, journeyman DsGl
Lair:4 exclusion: downstairs
Lair:5 exclusion: 2 oklob plants
Lair:6 1 runed translucent door
Spider:4 Nikola
Orc:1 2 transporters, Caerwyn's ghost, journeyman DgFE


Innate Abilities, Weirdness & Mutations

You reflexively headbutt those who attack you in melee.
You have a pair of horns on your head.
You are partially covered in yellow scales. (AC +2)
You possess an exceptional clarity of mind.
You are dopey. (Int -2)


Message History

You block the jumping spider's attack.
The jumping spider bites you but does no damage.
The jumping spider leaps!
Nikola gestures wildly while chanting.
You hear a mighty clap of thunder!
The lightning arc hits you!!!
* * * LOW HITPOINT WARNING * * *
The lightning arc hits Nikola.
The lightning arc hits the moth of wrath!!
The moth of wrath dies!
The lightning arc hits the emperor scorpion!!
The lightning arc hits the emperor scorpion!
The lightning arc hits Nikola.
Okay, then.
Unknown command.
Okay, then.
Unknown command.
The wolf spider rages.
The emperor scorpion stings you!!
You die...

#.... ##.... ###^...
##..... #^^.... ##^.....
#^.^... #..^^... .^....○
######## ^....s
########^.≈.≈.^
...≈^†.#####.≈...^^.^.....
..s.##s@.@..≈....#....^.^.
.....≈.sss.s.....^^..^....
....s..sys.......#..^^.^.†
../...............^...^..^
.......s(^^......≈########
.......≈##...^.^####^≈.≈.^
.....##≈.##..^### ##.....
..... .^. ##### ##....
...^^...^ #....


You could see Nikola, 2 emperor scorpions, a ghost moth (invisible), a wolf
spider (berserk), an orb spider (fleeing), 4 jumping spiders and a redback
(berserk).

Vanquished Creatures
  Arachne (Spider:3)
  The ghost of endersaim the Spry, an adept MfSk of Qazlal (Spider:1)
  Frances (Spider:1)
  Gastronok (Lair:2)
  A fire giant (D:13)
  A ghost moth (Spider:4)
  6 emperor scorpions
  4 entropy weavers
  A dire elephant (D:15)
  A spark wasp (Spider:4)
  Snorg (Lair:5)
  A yaktaur captain (D:13)
  2 fire dragons
  An ettin (D:13)
  A great orb of eyes (D:15)
  9 hydras
  Harold (D:9)
  2 ogre magi (Orc:2)
  4 vault guards (D:13)
  2 death knights (D:12)
  4 death yaks (Lair:5)
  A queen ant (Spider:3)
  3 centaur warriors
  15 two-headed ogres
  4 tengu warriors
  A deep troll earth mage (D:13)
  A fire crab (shapeshifter) (D:15)
  A skeletal warrior (D:13)
  2 deep trolls (Orc:2)
  4 unseen horrors
  2 lindwurms
  A necromancer (IceCv)
  4 orc knights
  29 wolf spiders
  A wolf spider zombie (D:14)
  18 orb spiders
  22 ugly things
  An orc sorcerer (Orc:1)
  2 manticores
  10 cyclopes
  2 moths of wrath (Spider:3)
  6 elephants (Lair:3)
  6 black mambas
  4 ice statues (IceCv)
  A guardian serpent (D:14)
  3 molten gargoyles (Lair:6)
  A naga mage (D:15)
  11 spiny frogs
  A gargoyle (D:12)
  3 torpor snails
  10 komodo dragons
  A kobold demonologist (D:13)
  10 ice devils
  2 efreet
  8 demonic crawlers
  2 yaktaurs
  3 meliai (Spider:3)
  6 hornets
  37 jumping spiders
  A polar bear (Lair:5)
  15 trolls
  15 blink frogs
  A snapping turtle (Lair:4)
  10 hippogriffs
  2 dream sheep (D:9)
  12 slime creatures
  A meliai zombie (D:12)
  78 redbacks
  3 shadows (D:12)
  20 yaks
  A wraith (D:14)
  2 vampires
  32 tarantellas
  7 wyverns
  Eustachio (D:6)
  6 basilisks
  4 steam dragons
  5 vampire mosquitoes
  18 soldier ants
  A soldier ant (shapeshifter) (D:13)
  A warg (Orc:2)
  3 swamp worms (Lair:4)
  11 water moccasins
  7 porcupines
  4 hell hounds (Lair:6)
  29 orc warriors
  A hornet zombie (D:14)
  A necrophage (D:5)
  6 sky beasts
  2 phantoms
  4 ice beasts
  A black bear (D:12)
  An eye of draining (D:14)
  5 wolves (Lair:3)
  24 ogres
  14 centaurs
  15 crocodiles
  7 big kobolds
  3 wyvern zombies
  18 bullfrogs
  3 scorpions
  10 killer bees
  7 wights
  6 crimson imps
  8 centaur zombies
  4 lava snakes (Lair:6)
  2 draconian simulacra (IceCv)
  2 quasits
  4 bullfrog zombies
  3 centaur skeletons
  8 hounds
  4 jellies
  11 orc priests
  2 bullfrog skeletons
  26 orc wizards
  4 iguanas
  31 worker ants
  A spriggan simulacrum (IceCv)
  2 troll simulacra (IceCv)
  2 centaur simulacra (IceCv)
  A hound skeleton (D:8)
  A worker ant zombie (D:8)
  8 gnolls
  A howler monkey skeleton (D:4)
  17 adders
  A naga simulacrum (IceCv)
  2 ogre simulacra (IceCv)
  6 shadow imps
  4 oozes
  3 worms
  2 dart slugs (D:2)
  6 leopard geckos
  76 orcs
  5 giant cockroaches
  7 goblins
  8 hobgoblins
  8 jackals
  7 quokkas
  A ball python (D:2)
  4 bats
  5 frilled lizards
  A jackal skeleton (D:5)
  27 kobolds
  4 rats
  12 fungi
  4 plants (Lair:5)
1038 creatures vanquished.

Vanquished Creatures (others)
  A wolf spider (Spider:4)
  A moth of wrath (Spider:4)
  3 redbacks (Spider:4)
  A tarantella (Spider:4)
  3 orcs
  4 fungi
  5 plants
18 creatures vanquished.

Grand Total: 1056 creatures vanquished

Notes
Turn   | Place    | Note
-------+----------+-------------------------------------------
     0 | D:1      | DrEnzyme the Minotaur Wanderer began the quest for the Orb.
     0 | D:1      | DrEnzyme set off with the following items: a +2 hand axe, a
                  | scroll of teleportation, a +0 robe, a ration; and the
                  | following spell memorised: Flame Tongue; and the following
                  | spells available to memorise: Conjure Flame
     0 | D:1      | Reached XP level 1. HP: 14/14 MP: 1/1
   283 | D:1      | Reached XP level 2. HP: 13/20 MP: 2/2
  1171 | D:2      | Reached XP level 3. HP: 26/27 MP: 3/3
  1395 | D:2      | Reached skill level 5 in Armour
  1592 | D:2      | Found a sparkling altar of Nemelex Xobeh.
  1675 | D:3      | Reached skill level 3 in Axes
  1711 | D:3      | Noticed a scorpion
  1721 | D:3      | Killed a scorpion
  1721 | D:3      | Reached skill level 1 in Fighting
  1721 | D:3      | Reached XP level 4. HP: 30/35 MP: 4/4
  1880 | D:3      | Found a deep blue altar of Sif Muna.
  2152 | D:3      | Reached skill level 1 in Dodging
  2568 | D:4      | Reached skill level 4 in Axes
  2568 | D:4      | Reached XP level 5. HP: 28/40 MP: 5/5
  2783 | D:4      | Noticed an ogre
  2788 | D:4      | Killed an ogre
  2984 | D:4      | Reached skill level 5 in Axes
  2984 | D:4      | Reached XP level 6. HP: 46/48 MP: 6/6
  3295 | D:5      | Entered Level 5 of the Dungeon
  3464 | D:5      | Noticed an orc warrior
  3475 | D:5      | Killed an orc warrior
  3475 | D:5      | Reached skill level 6 in Axes
  3481 | D:5      | Noticed an orc warrior
  3482 | D:5      | Reached XP level 7. HP: 46/56 MP: 7/7
  3910 | D:5      | Found a staircase to the Ecumenical Temple.
  4277 | D:5      | Found Imucwe's Distillery.
  4286 | D:5      | Bought a potion of haste for 120 gold pieces
  4286 | D:5      | Bought a potion of might for 48 gold pieces
  4286 | D:5      | Bought a potion of curing for 36 gold pieces
  4295 | D:5      | Reached skill level 7 in Axes
  4353 | D:5      | Noticed a steam dragon
  4353 | D:5      | an orc warrior changed into a steam dragon
  4370 | D:5      | Killed a steam dragon
  4650 | Temple   | Entered the Ecumenical Temple
  4656 | Temple   | Became a worshipper of Makhleb the Destroyer
  4785 | D:6      | Found a blossoming altar of Fedhas.
  4998 | D:6      | Noticed Eustachio
  5002 | D:6      | Reached XP level 8. HP: 61/66 MP: 8/8
  5008 | D:6      | Reached skill level 8 in Axes
  5017 | D:6      | Killed Eustachio
  5646 | D:6      | Found an opulent altar of Gozag.
  5974 | D:7      | Reached skill level 5 in Dodging
  5978 | D:7      | Reached skill level 9 in Axes
  6402 | D:7      | Reached * piety under Makhleb
  6408 | D:7      | Reached skill level 5 in Fighting
  6655 | D:7      | Found a deep blue altar of Sif Muna.
  6999 | D:8      | Reached XP level 9. HP: 74/74 MP: 9/9
  7249 | D:8      | Found Mobi's Assorted Antiques.
  7256 | D:8      | Bought a cloak for 108 gold pieces
  7256 | D:8      | Bought a scroll of identify for 48 gold pieces
  7279 | D:8      | Found Qiclido's Jewellery Emporium.
  7332 | D:8      | Reached skill level 10 in Axes
  7445 | D:8      | Found Haosaimy's Assorted Antiques.
  7453 | D:8      | Bought a scorched iron ring for 130 gold pieces
  7453 | D:8      | Identified the ring of Panentheism {rC+ rN+ Stlth+} (You
                  | bought it in a shop on level 8 of the Dungeon)
  7735 | D:8      | Found a shattered altar of Ashenzari.
  8176 | D:8      | Got a scorched chain mail
  8187 | D:8      | Identified the +0 chain mail of Goum {Regen+} (You found it
                  | on level 8 of the Dungeon)
  8581 | D:9      | Found a bloodstained altar of Trog.
  8581 | D:9      | Found an iron altar of Okawaru.
  8582 | D:9      | Found a stormy altar of Qazlal.
  8583 | D:9      | Noticed Harold
  8587 | D:9      | Noticed a troll
  8605 | D:9      | Killed Harold
  8605 | D:9      | Reached skill level 11 in Axes
  8692 | D:9      | Killed a troll
  8692 | D:9      | Reached ** piety under Makhleb
  8800 | D:9      | Reached skill level 12 in Axes
  8800 | D:9      | Reached XP level 10. HP: 84/84 MP: 10/10
  8948 | D:9      | Noticed a three-headed hydra
  9460 | D:9      | Killed a six-headed hydra
  9683 | D:9      | Found a shadowy altar of Dithmenos.
  9779 | D:10     | Entered Level 10 of the Dungeon
  9781 | D:10     | Found Woxuig's Weapon Emporium.
  9781 | D:10     | Found a staircase to the Orcish Mines.
  9783 | D:10     | Found Webu's Armour Emporium.
  9902 | D:10     | Found Fescheqo's Jewellery Shoppe.
  9979 | D:10     | Reached skill level 13 in Axes
 10052 | D:10     | Reached *** piety under Makhleb
 10432 | D:11     | Noticed a red ugly thing
 10477 | D:11     | Noticed a purple ugly thing
 10477 | D:11     | Noticed a two-headed ogre
 10832 | D:11     | Noticed a fire dragon
 10846 | D:11     | Noticed a white ugly thing
 10851 | D:11     | Killed a fire dragon
 10851 | D:11     | Reached XP level 11. HP: 86/97 MP: 11/11
 10858 | D:11     | Killed a white ugly thing
 10870 | D:11     | Found a staircase to the Lair.
 11035 | D:11     | Killed a two-headed ogre
 11088 | D:11     | Reached skill level 14 in Axes
 11101 | D:11     | Killed a purple ugly thing
 11358 | D:11     | Killed a white ugly thing
 11358 | D:11     | Reached skill level 10 in Fighting
 11782 | D:11     | Noticed a two-headed ogre
 11792 | D:11     | Killed a two-headed ogre
 11866 | Lair:1   | Entered Level 1 of the Lair of Beasts
 11886 | Lair:1   | Reached skill level 10 in Armour
 12454 | Lair:1   | Reached skill level 15 in Axes
 13110 | Lair:2   | Noticed Gastronok
 13122 | Lair:2   | Killed Gastronok
 13122 | Lair:2   | Reached XP level 12. HP: 78/108 MP: 12/12
 13357 | Lair:2   | Noticed a four-headed hydra
 13369 | Lair:2   | Killed a three-headed hydra
 14374 | Lair:3   | Reached **** piety under Makhleb
 14699 | Lair:3   | Reached skill level 16 in Axes
 14901 | Lair:3   | Noticed a six-headed hydra
 14908 | Lair:3   | Killed a one-headed hydra
 14951 | Lair:3   | Found a hole to the Spider Nest.
 15998 | Lair:4   | Noticed a four-headed hydra
 16321 | Lair:4   | Found a staircase to the Shoals.
 16368 | Lair:5   | Noticed a five-headed hydra
 16384 | Lair:5   | Killed a one-headed hydra
 16619 | Lair:5   | Noticed a death yak
 16630 | Lair:5   | Noticed a death yak
 16632 | Lair:5   | Killed a death yak
 16632 | Lair:5   | Noticed a death yak
 16633 | Lair:5   | Noticed a death yak
 16649 | Lair:5   | Reached XP level 13. HP: 98/119 MP: 13/13
 16785 | Lair:5   | Noticed Snorg
 16794 | Lair:5   | Killed Snorg
 17038 | Lair:5   | Reached ***** piety under Makhleb
 17359 | Lair:5   | Reached skill level 17 in Axes
 17982 | Lair:6   | Entered Level 6 of the Lair of Beasts
 18114 | Lair:6   | Found the +2 cloak of the Thief {+Fog Slay-2 SInv Stlth+}
 18329 | Lair:6   | Found a runed translucent door.
 18329 | Lair:6   | Found a viscous altar of Jiyva.
 18329 | Lair:6   | Found a staircase to the Slime Pits.
 18329 | Lair:6   | Noticed an azure jelly
 18329 | Lair:6   | Noticed an azure jelly
 18329 | Lair:6   | Noticed an azure jelly
 18830 | Lair:6   | Found a large runed translucent door.
 18831 | Lair:6   | Found a large runed translucent door.
 18879 | Lair:6   | Noticed a fire dragon
 18888 | Lair:6   | Killed a fire dragon
 19170 | D:10     | Bought the ring "Syemanas" {rC+ Str+5 Stlth+} for 588 gold
                  | pieces
 19330 | Spider:1 | Entered Level 1 of the Spider Nest
 19521 | D:8      | Bought a scroll of enchant weapon for 195 gold pieces
 19576 | Orc:1    | Entered Level 1 of the Orcish Mines
 19672 | Orc:1    | Found a flagged portal.
 19681 | Bailey   | Entered a bailey
 19693 | Bailey   | Reached XP level 14. HP: 115/133 MP: 14/14
 19776 | Bailey   | HP: 3/133 [orc warrior/+0 halberd (5)]
 20222 | Orc:1    | Found a transporter.
 20246 | Orc:1    | Noticed Caerwyn's ghost (journeyman DgFE)
 20322 | Orc:1    | Reached ****** piety under Makhleb
 20442 | Orc:1    | Found a transporter.
 20470 | Orc:2    | Entered Level 2 of the Orcish Mines
 20470 | Orc:2    | Found Haoh's Armour Shop.
 20472 | Orc:2    | Found a staircase to the Elven Halls.
 20833 | Orc:2    | Reached skill level 15 in Fighting
 20838 | Orc:2    | Found Jeafruph's Armour Boutique.
 20873 | Orc:2    | Reached skill level 18 in Axes
 20982 | Orc:2    | Found Buwkojedd's Distillery.
 21032 | Orc:2    | Found Xegrabur's Assorted Antiques.
 21043 | Orc:2    | Found Odaup's Antique Armour Shop.
 21058 | Orc:2    | Bought a glowing crystal plate armour for 2075 gold pieces
 21513 | Spider:1 | Reached skill level 10 in Dodging
 21578 | Spider:1 | Found a large runed translucent door.
 21579 | Spider:1 | Found a large runed translucent door.
 21581 | Spider:1 | Noticed endersaim's ghost (adept MfSk)
 21582 | Spider:1 | Found the +7 captain's cutlass {speed, disarm}
 21648 | Spider:1 | Noticed Frances
 21675 | Spider:1 | Noticed an emperor scorpion
 21876 | Lair:3   | Killed an emperor scorpion
 22346 | D:12     | Reached XP level 15. HP: 145/145 MP: 15/15
 22579 | D:12     | Found a white marble altar of Elyvilon.
 23509 | D:13     | Found a gate to the Vaults.
 23520 | D:13     | Reached skill level 19 in Axes
 23636 | D:13     | Reached skill level 15 in Armour
 23809 | D:13     | Noticed a fire giant
 23819 | D:13     | Killed a fire giant
 24967 | D:14     | Found a frozen archway.
 24987 | IceCv    | Entered an ice cave
 25355 | IceCv    | Found the +9 scales of the Dragon King {rPois rF+ rC+ MR+}
 25359 | IceCv    | Reached XP level 16. HP: 157/157 MP: 16/16
 25691 | D:14     | Gained mutation: You are dopey. (Int -2) [potion of
                  | mutation]
 25691 | D:14     | Gained mutation: You are partially covered in yellow
                  | scales. (AC +2) [potion of mutation]
 25691 | D:14     | Gained mutation: You possess an exceptional clarity of
                  | mind. [potion of mutation]
 25783 | D:15     | Entered Level 15 of the Dungeon
 26007 | D:15     | Found Biohe's Armour Boutique.
 26081 | D:15     | Found a runed translucent door.
 26131 | D:15     | Noticed Vuirau's ghost (journeyman DsGl)
 26172 | D:15     | Found a staircase to the Depths.
 26239 | D:15     | Reached skill level 20 in Axes
 27463 | Spider:1 | Killed Frances
 27501 | Spider:1 | Killed endersaim's ghost
 28842 | Spider:3 | Reached XP level 17. HP: 138/169 MP: 17/17
 28989 | Spider:3 | Noticed Arachne
 29015 | Spider:3 | Killed Arachne
 29253 | Spider:4 | Entered Level 4 of the Spider Nest
 29286 | Spider:4 | Reached skill level 21 in Axes
 29954 | Spider:4 | Noticed Nikola
 29971 | Spider:4 | HP: 1/171 [Nikola/chain lightning (36)]
 29972 | Spider:4 | Demolished by an emperor scorpion

Skill      XL: |  1  2  3  4  5  6  7  8  9 10 11 12 13 14 15 16 17 |
---------------+----------------------------------------------------+-----
Armour         | 4 5 6 7 9 10 12 13 14 15 17 | 17.8
Axes           | 3 4 5 6 7 9 12 13 15 16 17 18 19 20 21 | 21.4
Fighting       | 1 2 3 5 6 9 10 12 14 16 18 19 20 | 20.5
Dodging        | 1 2 4 5 6 7 9 10 | 10.0
Shields        | 4 |  4.0
Spellcasting   | |  1.0
Fire Magic     | |  1.3

Action                   |  1- 3 |  4- 6 |  7- 9 | 10-12 | 13-15 | 16-18 || total
-------------------------+-------+-------+-------+-------+-------+-------++-------
Melee: Hand axe          |    73 |    87 |   319 |    48 |       |       ||   527
       Headbutt          |     6 |    16 |    56 |    98 |   226 |   155 ||   557
       Broad axe         |       |       |    48 |       |       |       ||    48
       War axe           |       |       |       |   449 |  1159 |   798 ||  2406
       Falchion          |       |       |       |    19 |    29 |       ||    48
 Abil: Evoke Fog         |       |       |       |       |     1 |       ||     1
Evoke: Wand              |       |     5 |    10 |     8 |    23 |       ||    46
       Phial of floods   |       |       |       |       |     1 |       ||     1
  Use: Scroll            |     3 |     7 |     4 |    13 |    23 |     3 ||    53
       Potion            |       |       |     2 |     9 |    13 |     4 ||    28
 Stab: Sleeping          |     1 |       |     2 |       |       |     1 ||     4
       Invisible         |       |       |       |     4 |       |       ||     4
       Paralysed         |       |       |       |     4 |       |       ||     4
  Eat: Chunk             |     2 |     5 |     8 |    11 |    12 |    12 ||    50
       Ration            |       |       |     3 |     4 |     5 |     1 ||    13
Armor: Robe              |     4 |       |       |       |       |       ||     4
       Leather armour    |    10 |    27 |    77 |       |       |       ||   114
       Chain mail        |       |       |    35 |    72 |       |       ||   107
       Fire dragon scale |       |       |       |   122 |   218 |       ||   340
       Crystal plate arm |       |       |       |       |   458 |   767 ||  1225
Dodge: Dodged            |    36 |    59 |   193 |   208 |   552 |   366 ||  1414
Block: Buckler           |       |       |    39 |    70 |   201 |   166 ||   476
       Rpst.: Falchion   |       |       |       |     1 |     5 |       ||     6
